 Dungeon Crawl Stone Soup version 0.18-a0-1805-g8ab820f (webtiles) character file.

366 M4edhros the Poker (level 6, -2/47 HPs)
             Began as a Mummy Chaos Knight on Apr 26, 2016.
             Killed from afar by SkaryMonk's ghost (18 damage)
             ... with an orb of energy
             ... on level 5 of the Dungeon.
             The game lasted 00:04:07 (2897 turns).

M4edhros the Poker (Mummy Chaos Knight)             Turns: 2897, Time: 00:04:08

Health: -2/47      AC:  5    Str: 16    XL:     6   Next: 40%
Magic:  6/6        EV: 10    Int: 11    God:    Xom [...*..]
Gold:   138        SH:  3    Dex: 13    Spells: 0 memorised, 5 levels left

rFire  . . .     SeeInvis .     a - +0 spear (chaos)
rCold  . . .     Gourm    .     b - +2 leather armour
rNeg   + + +     Faith    .     f - +0 buckler
rPois  ∞         Spirit   .     (no helmet)
rElec  .         Dismiss  .     (no cloak)
rCorr  .         Reflect  .     (no gloves)
SustAt .         Harm     .     (no boots)
MR     .....                    (no amulet)
Stlth  +.........               (no ring)
                                k - ring of fire

@: not resistant to hostile enchantments, very unstealthy
A: no food or potions, fire vulnerability, cold resistance 1, negative energy
resistance 3, torment resistance, unbreathing
a: Renounce Religion


You were on level 5 of the Dungeon.
You worshipped Xom.
You were a favourite toy of Xom.
You were not hungry.

You visited 1 branch of the dungeon, and saw 6 of its levels.

You collected 138 gold pieces.

Inventory:

Hand Weapons
 a - a +0 spear of chaos (weapon)
Armour
 b - a +2 leather armour (worn)
 f - a +0 buckler (worn)
Magical Staves
 i - an uncursed staff of conjuration
Jewellery
 k - a ring of fire (left hand)
Scrolls
 c - 4 scrolls of remove curse
 d - a scroll of immolation {unknown}
 e - a scroll of blinking {unknown}
 h - 2 scrolls of amnesia


   Skills:
 - Level 3.0 Fighting
 + Level 6.0 Polearms
 - Level 1.5 Armour
 - Level 0.7 Dodging


You had 5 spell levels left.
You didn't know any spells.

Dungeon Overview and Level Annotations

Branches:
Dungeon (6/15)
 Temple: D:4-7

Altars:
Makhleb
Zin

Annotations:
D:5 SkaryMonk's ghost, novice OpCj


Innate Abilities, Weirdness & Mutations

You do not eat or drink.
Your flesh is vulnerable to fire.
You are immune to poison.
Your flesh is cold resistant.
You are immune to negative energy.
You are immune to unholy pain and torment.
You can survive without breathing.


Message History

SkaryMonk's ghost barely misses you.
You hit SkaryMonk's ghost.
SkaryMonk's ghost is severely damaged.
You barely miss SkaryMonk's ghost.
SkaryMonk's ghost is severely damaged.
SkaryMonk's ghost hits you.
You hit SkaryMonk's ghost. You burn SkaryMonk's ghost.
SkaryMonk's ghost is almost destroyed.
SkaryMonk's ghost casts a spell at you. The spray of energy hits you!
You hit SkaryMonk's ghost.
SkaryMonk's ghost is almost destroyed.
SkaryMonk's ghost stares at you and mumbles some strange words.
The spray of energy hits you!
You barely miss SkaryMonk's ghost.
SkaryMonk's ghost is almost destroyed.
SkaryMonk's ghost stares at you and mumbles some strange words.
The orb of energy hits you!
You die...
Xom snickers!

##...#### #.........# *,,, ##.##
#####.##### *,** #.# #.# *,** #.#
#.# ***,** *#+## #.# ****,,,,,
##...## #.# *,,,,,,,, ##.....##
#*#.# *,,,,,,,, #.......## ##.#.#
*,,,,,,,,
..<......#**#...@#*******,,,,,,,,
.........+......W.......,,,,,,,,,
.........####........###*,,,,,,,,
#.......## #.(#.###.# *,,,,,,,,
##.....## #....# *,# ****,****
*#.....#* #..### *,* *,*
,^......#* #..* *,*******,***
,........** #.,*****,**,,,,,,,,*
,,.......,***,,,,,,,,**,****,*,*


You could see SkaryMonk's ghost.

Vanquished Creatures
  A phantom (D:4)
  A hound (D:2)
  An orc wizard (D:3)
  2 worker ants (D:4)
  3 gnolls (D:2)
  7 adders
  A worm (D:5)
  6 dart slugs
  2 giant geckos
  8 orcs
  5 bats
  7 goblins
  5 hobgoblins
  3 jackals (D:4)
  A quokka (D:3)
  2 ball pythons (D:3)
  5 giant newts
  4 kobolds
  5 rats (D:1)
69 creatures vanquished.

Notes
Turn   | Place    | Note
--------------------------------------------------------------
     0 | D:1      | M4edhros the Mummy Chaos Knight began the quest for the Orb.
     0 | D:1      | Reached XP level 1. HP: 18/18 MP: 1/1
   100 | D:1      | XOM: harmless Necr miscast
   155 | D:1      | Reached XP level 2. HP: 24/24 MP: 2/2
   162 | D:1      | Reached skill level 3 in Polearms
   512 | D:1      | XOM: mild Fire miscast
   550 | D:2      | Reached XP level 3. HP: 22/29 MP: 3/3
   789 | D:2      | Found a burning altar of Makhleb.
   794 | D:2      | XOM: potion effect (haste)
   800 | D:2      | Reached skill level 4 in Polearms
   800 | D:2      | Reached XP level 4. HP: 31/35 MP: 4/4
  1022 | D:2      | XOM: silly message
  1158 | D:2      | Reached XP level 5. HP: 23/41 MP: 5/5
  1162 | D:2      | XOM: harmless Summ miscast
  1493 | D:3      | Reached skill level 5 in Polearms
  1796 | D:3      | Noticed a crocodile
  1796 | D:3      | a river rat changed into a crocodile
  1797 | D:3      | XOM: god gift: emerald ring {god gift}
  2343 | D:4      | Found a glowing silver altar of Zin.
  2452 | D:4      | Noticed a phantom
  2468 | D:4      | XOM: enchant monster (good)
  2491 | D:4      | Killed a phantom
  2491 | D:4      | Reached skill level 6 in Polearms
  2491 | D:4      | Reached XP level 6. HP: 16/47 MP: 6/6
  2595 | D:4      | XOM: vitrification
  2699 | D:5      | Entered Level 5 of the Dungeon
  2729 | D:6      | XOM: summons friendly crimson imp
  2886 | D:5      | Noticed SkaryMonk's ghost (novice OpCj)
  2897 | D:5      | Killed from afar by SkaryMonk's ghost

Vault maps used:
D:1:      mrwooster_arrival_statue_2
D:2:      first_bread, ecumenical_altar_2, makhleb_heckhound_becter
D:4:      zin_academy
D:5:      nicolae_overflow_hidden_temple, serial_shops, shop, minmay_holes,
          uniq_prince_ribbit1
D:6:      kennysheep_little_box, serial_shops, nicolae_shop_crystal

Skill      XL: |  1  2  3  4  5 |
---------------+----------------+-----
Polearms       | 3 4 6 |  6.0
Fighting       | |  3.0
Armour         | |  1.5
Dodging        | |  0.7

Action                   |  1- 3 |  4- 6 || total
-------------------------+-------+-------++-------
Melee: Spear             |    75 |   215 ||   290
  Use: Scroll            |       |     7 ||     7
 Stab: Sleeping          |     1 |     1 ||     2
       Paralysed         |     1 |     1 ||     2
       Confused          |       |     1 ||     1
Armor: Leather armour    |    13 |    58 ||    71
Dodge: Dodged            |    19 |    68 ||    87
Block: Buckler           |     1 |    18 ||    19
